 Dungeon Crawl Stone Soup version 0.27-a0-46-g34d46f0a3f (webtiles) character file.

Game seed: 15620625181167504969

368 Borgoz the Cudgeller (level 6, -4/39 HPs)
             Began as a Gargoyle Berserker on Jan 7, 2021.
             Was a Priest of Trog.
             Slain by an ogre
             ... wielding a +0 giant club
              (12 damage)
             ... on level 4 of the Dungeon.
             The game lasted 00:03:28 (3711 turns).

Borgoz the Cudgeller (Gargoyle Berserker)           Turns: 3711, Time: 00:03:29

Health: -4/39      AC: 12    Str: 20    XL:     6   Next: 69%
Magic:  6/6        EV: 12    Int:  8    God:    Trog [***...]
Gold:   197        SH:  5    Dex: 11    Spells: 5/5 levels left

rFire    . . .     SeeInvis .   a - +0 mace
rCold    + . .     Faith    .   (no shield)
rNeg     + . .     Spirit   .   f - +1 ring mail {rC+}
rPois    ∞         Reflect  +   (no helmet)
rElec    +         Harm     .   b - +0 cloak
rCorr    .         Rampage  .   (no gloves)
Will     .....                  (no boots)
Stlth    ++........             j - amulet of reflection
HPRegen  0.13/turn              h - ring of stealth
MPRegen  0.10/turn              (no ring)

@: no status effects
A: negative energy resistance 1, electricity resistance, unbreathing,
petrification resistance, miasma immunity, AC +4
a: Renounce Religion, Berserk, Trog's Hand


You were on level 4 of the Dungeon.
You worshipped Trog.
Trog was most pleased with you.
You visited 1 branch of the dungeon, and saw 4 of its levels.

You collected 197 gold pieces.

Inventory:

Hand Weapons
 a - a +0 mace (weapon)
Missiles
 d - 2 throwing nets
Armour
 b - a +0 cloak (worn)
 f - a +1 ring mail of cold resistance (worn)
 g - a +0 kite shield
Jewellery
 h - a ring of stealth (left hand)
 j - an amulet of reflection (around neck)
 q - a +6 ring of strength
Scrolls
 c - 4 scrolls of identify {unknown}
 e - 2 scrolls of random uselessness {unknown}
 i - 3 scrolls of teleportation {unknown}
 m - 2 scrolls of remove curse {unknown}
 n - a scroll of blinking {unknown}
Potions
 k - a potion of invisibility {unknown}
 l - a potion of berserk rage {unknown}
 o - a potion of curing {unknown}
 p - a potion of brilliance {unknown}
 r - a potion of lignification {unknown}
 s - a potion of degeneration {unknown}


   Skills:
 + Level 4.4 Fighting
 * Level 4.8 Maces & Flails
 + Level 3.6 Armour
 * Level 3.4 Dodging


You had 5 spell levels left.
You didn't know any spells.
Your spell library was empty.

Dungeon Overview and Level Annotations

Branches:
Dungeon (4/15)
 Temple: D:4-7

Altars:
Gozag
Qazlal
Sif Muna


Innate Abilities, Weirdness & Mutations

You are resistant to torment.
Your stone body is resilient. (AC +4)
You are immune to poison.
You resist negative energy. (rN+)
You are resistant to electric shocks. (rElec)
You can survive without breathing.
You are immune to petrification.
You are immune to miasma.


Message History

You closely miss the ogre.
The ogre is moderately wounded.
The frilled lizard hisses angrily.
The ogre hits you with a +0 giant club!!
Ouch! That really hurt!
* * * LOW HITPOINT WARNING * * *
You are too injured to fight recklessly!
You are too injured to fight recklessly!
You are too injured to fight recklessly!
You are too injured to fight recklessly!
There are monsters nearby!
You hit the ogre.
The ogre is heavily wounded.
You hit the ogre.
The ogre is heavily wounded.
You block the ogre's attack.
You hit the ogre.
The ogre is almost dead.
The ogre hits you with a +0 giant club!
You die...

####.# #.....#.#. #.#
#.....#.#. #.#
##....#.## . #.#
#....#.## ..#####.##
#####....#..#
.........###...#....#..#
..........####......#..#
........#.######........
......O@...............#
....l#####.##.#........#
... #.##.##...>...< .
.##)..##.####..
#####'####......
##.#...#.####...
#_.'.8.'._####..
##.#...#.##.....
####'#########.


You could see an ogre and a frilled lizard.

Vanquished Creatures
  A scorpion (D:4)
  An orc priest (D:4)
  Crazy Yiuf (D:2)
  A centaur skeleton (D:4)
  An orc wizard (D:2)
  An iguana (D:3)
  5 adders
  A shadow imp (D:4)
  An ooze (D:2)
  An adder skeleton (D:4)
  A worm (D:2)
  2 dart slugs
  7 leopard geckos
  14 orcs
  8 bats
  11 giant cockroaches
  7 goblins
  9 hobgoblins
  6 jackals
  2 kobolds
  4 quokkas
  7 frilled lizards
  5 rats
97 creatures vanquished.

Vanquished Creatures (others)
  A fungus (D:2)
1 creature vanquished.

Grand Total: 98 creatures vanquished

Notes
Turn   | Place    | Note
-------+----------+-------------------------------------------
     0 | D:1      | Borgoz the Gargoyle Berserker began the quest for the Orb.
     0 | D:1      | Reached XP level 1. HP: 14/14 MP: 1/1
   153 | D:1      | Reached XP level 2. HP: 15/19 MP: 2/2
   786 | D:1      | Reached XP level 3. HP: 15/23 MP: 3/3
  1031 | D:2      | Reached ** piety under Trog
  1059 | D:2      | You fall into a shaft and drop 1 floor!
  1226 | D:2      | Reached XP level 4. HP: 12/29 MP: 4/4
  1942 | D:2      | Found a runed translucent door.
  1943 | D:2      | Noticed Crazy Yiuf
  1953 | D:2      | Killed Crazy Yiuf
  1954 | D:2      | Reached XP level 5. HP: 33/33 MP: 5/5
  2567 | D:3      | Reached *** piety under Trog
  2986 | D:3      | Reached XP level 6. HP: 34/38 MP: 6/6
  3683 | D:4      | Found a shimmering blue altar of Sif Muna.
  3689 | D:4      | Found a stormy altar of Qazlal.
  3692 | D:4      | Found an opulent altar of Gozag.
  3711 | D:4      | Slain by an ogre

Illustrated notes

Levels and vault maps discovered:
D:1:      dpeg_arrival_pond, layout_rooms, st_stairs_4, serial_park_tiny_2
D:2:      layout_rooms, eino_tiny_chamber, uniq_crazy_yiuf_cottage
D:3:      minmay_diamond_boxcup, layout_loops_corners, kennysheep_generic_room_8
D:4:      layout_rooms, grunt_temple_overflow_diamond, serial_co_window_serial,
          co_window_corner_a, co_window_paths_a, co_window_corner_a,
          co_window_corner_a, co_window_cross_1, co_window_corner_a,
          co_window_corner_a, co_window_paths_b, co_window_of_opportunity_a,
          co_window_corner_cb, co_window_corner_ca, co_window_of_opportunity_c,
          co_window_corner_b, co_window_paths_c, co_window_2corner

Skill      XL: |  1  2  3  4  5 |
---------------+----------------+-----
Dodging        | 2 3 |  3.4
Armour         | 3 |  3.6
Fighting       | 4 |  4.4
Maces & Flails | 4 |  4.8

Action                   |  1- 3 |  4- 6 || total
-------------------------+-------+-------++-------
Melee: Mace              |   129 |   244 ||   373
Invok: Berserk           |     2 |     1 ||     3
  Use: Potion            |     1 |       ||     1
 Stab: Sleeping          |       |     4 ||     4
Armor: Animal skin       |     8 |       ||     8
       Ring mail         |    68 |    92 ||   160
Dodge: Dodged            |   124 |   147 ||   271
Block: Other             |       |    53 ||    53
       Reflection        |       |     2 ||     2

Table legend: (Time is in decaauts)
 A = Elapsed time spent in this place.
 B = Non-inter-level travel time spent in this place.
 C = Inter-level travel time spent in this place.
 D = Time resting spent in this place.
 E = Time spent auto-exploring this place.
 F = Levels seen in this place.
 G = Mean time per level.
                   A        B        C        D        E       F      G
               +--------+--------+--------+--------+--------+-----+--------+
         Total |   3809 |   3692 |    117 |    413 |   2503 |   4 |  952.2 |
       Dungeon |   3809 |   3692 |    117 |    413 |   2503 |   4 |  952.2 |
               +--------+--------+--------+--------+--------+-----+--------+

Top non-repeatable levels by time:
     D:3: 1187 daAuts
     D:1: 1029 daAuts
     D:2: 953 daAuts
     D:4: 639 daAuts
